 Dungeon Crawl Stone Soup version 0.28.0-47-ge53b351184 (webtiles) character file.

Game seed: 2593712940581477018

53 Iusername the Covered (level 4, -1/35 HPs)
             Began as a Human Fighter on May 4, 2022.
             Succumbed to a goblin's poison
             ... on level 2 of the Dungeon.
             The game lasted 00:02:55 (1836 turns).

Iusername the Covered (Human Fighter)               Turns: 1836, Time: 00:02:56

Health: -1/35      AC: 11    Str: 18    XL:     4   Next: 11%
Magic:  4/4        EV:  6    Int:  8    God:
Gold:   63         SH:  4    Dex: 13    Spells: 3/3 levels left

rFire   . . .      SeeInvis .   a - +0 long sword
rCold   . . .      Faith    .   c - +0 buckler
rNeg    . . .      Spirit   .   h - +1 chain mail {Will+}
rPois   .          Reflect  .   (no helmet)
rElec   .          Harm     .   g - +0 cloak
rCorr   .          Rampage  .   (no gloves)
Will    +....                   (no boots)
Stlth   ..........              (no amulet)
HPRegen 0.11/turn               (no ring)
MPRegen 0.09/turn               (no ring)

@: mighty, lethally poisoned (-1 -> -11)
A: no striking features
a: no special abilities


You were on level 2 of the Dungeon.
You visited 1 branch of the dungeon, and saw 2 of its levels.

You collected 63 gold pieces.

Inventory:

Hand Weapons
 a - a +0 long sword (weapon)
Armour
 b - a +0 scale mail
 c - a +0 buckler (worn)
 g - a +0 cloak (worn)
 h - a +1 chain mail of willpower (worn)
Scrolls
 e - 2 scrolls of teleportation {unknown}


   Skills:
 + Level 3.5 Fighting
 + Level 2.6 Long Blades
 + Level 3.5 Armour
 + Level 0.2 Dodging
 + Level 3.3 Shields


You had 3 spell levels left.
You didn't know any spells.
Your spell library was empty.

Dungeon Overview and Level Annotations

Branches:
Dungeon (2/15)

Altars:
Kikubaaqudgha

Annotations:
D:2 Robin


Message History

You are too injured to fight recklessly!
Unknown command.
Nothing quivered!
Unknown command.
It was a potion of curing.
You feel better. The goblin hits you with a +0 club.
The goblin hits you but does no damage. x2; The goblin hits you with a +0 club.
The goblin hits you but does no damage. The goblin hits you with a +0 dagger.
The goblin hits you but does no damage. The goblin barely misses you.
The goblin hits you but does no damage. x2; Robin throws the goblin at you!
The goblin unwields a +0 club.
The goblin wields a +0 hunting sling.
The goblin shoots a stone.
The stone hits you but does no damage. The goblin hits you with a +0 club.
* * * LOW HITPOINT WARNING * * *
You block the hobgoblin's attack.
You closely miss the hobgoblin. You block the hobgoblin's attack.
The goblin hits you but does no damage. The goblin completely misses you.
The goblin barely misses you. The hobgoblin barely misses you.
You are too injured to fight recklessly!
You completely miss the hobgoblin.
The goblin no longer looks unusually strong. x2
The goblin hits you with a +2 dagger of venom.
* * * LOW HITPOINT WARNING * * *
You block the hobgoblin's attack. x2; You block the goblin's attack.
The goblin closely misses you. The goblin hits you but does no damage.
The hobgoblin hits you but does no damage.
The goblin hits you but does no damage.
You hit the goblin.
The goblin is severely wounded.
The hobgoblin hits you but does no damage. x2
The goblin hits you but does no damage. The goblin completely misses you.
The goblin hits you but does no damage.
You are lethally poisoned!
The hobgoblin hits you but does no damage.
Robin throws the goblin at you! The goblin hits you with a +0 dagger.
* * * LOW HITPOINT WARNING * * *
The hobgoblin hits you.
* * * LOW HITPOINT WARNING * * *
You hit the goblin.
You kill the goblin!
You die...

#.....##..#.##......####
#.....##..#.##......# #
#.......(.#.##.<....# #
#....>....#.##......# #
##.##†#.....##......# #
#........####......# #
#........# #......# #
#....g)g.# #......# #
##..gg@g.# # #....gg.###
#.)[.g......
#....$†.........#
#................
#................
#........##.$....
#........# ####..
#........#


You could see Robin, 3 hobgoblins and 4 goblins.

Vanquished Creatures
  An adder (D:2)
  2 dart slugs (D:1)
  3 endoplasms (D:1)
  A giant cockroach (D:1)
  5 goblins
  6 hobgoblins
  7 jackals (D:1)
  5 ball pythons
  2 bats (D:1)
  A frilled lizard (D:1)
  3 kobolds (D:1)
  A rat (D:1)
37 creatures vanquished.

Notes
Turn   | Place    | Note
-------+----------+-------------------------------------------
     0 | D:1      | Iusername the Human Fighter began the quest for the Orb.
     0 | D:1      | Reached XP level 1. HP: 18/18 MP: 1/1
   211 | D:1      | Reached XP level 2. HP: 22/24 MP: 2/2
   982 | D:1      | Reached XP level 3. HP: 28/29 MP: 3/3
  1308 | D:1      | Found a faded altar of an unknown god.
  1721 | D:2      | Found an ancient bone altar of Kikubaaqudgha.
  1771 | D:2      | Reached XP level 4. HP: 35/35 MP: 4/4
  1821 | D:2      | Noticed Robin
  1836 | D:2      | Succumbed to a goblin's poison

Illustrated notes

Levels and vault maps discovered:
D:1:      dpeg_arrival_simpleton_a, layout_basic,
          hellmonk_ecumenical_altar_heavens_door,
          nicolae_concentric_dashed_squares_mild,
          minmay_misc_feat_secret_circle, minmay_misc_feat_iff,
          serial_bayou_pond_a
D:2:      wad_river_or_something, layout_basic, basic_altar, uniq_robin

Action                   |  1- 3 |  4- 6 || total
-------------------------+-------+-------++-------
Melee: Long sword        |    92 |    13 ||   105
  Use: Potion            |       |     2 ||     2
Armor: Scale mail        |    55 |     1 ||    56
       Chain mail        |       |    28 ||    28
Dodge: Dodged            |    47 |    10 ||    57
Block: Buckler           |    19 |    13 ||    32
